 Dungeon Crawl Stone Soup version 0.27.1-1-g398f81649c (webtiles) character file.

Game seed: 9857343476294568553

374 ZARRMARR the Sneak (level 6, -4/43 HPs)
             Began as an Octopode Brigand on Sept 9, 2021.
             Slain by an ogre (20 damage)
             ... on level 4 of the Dungeon.
             The game lasted 00:08:05 (3282 turns).

ZARRMARR the Sneak (Octopode Brigand)               Turns: 3282, Time: 00:08:06

Health: -4/43      AC:  1    Str: 10    XL:     6   Next: 72%
Magic:  6/6        EV: 14    Int: 15    God:
Gold:   138        SH:  0    Dex: 14    Spells: 5/5 levels left

rFire    . . .     SeeInvis .   a - +2 dagger
rCold    . . .     Faith    .   (no shield)
rNeg     . . .     Spirit   .   (helmet restricted)
rPois    .         Reflect  .   (no amulet)
rElec    .         Harm     .   (no ring)
rCorr    .         Rampage  .   (no ring)
Will     .....                  (no ring)
Stlth    ++++......             (no ring)
HPRegen  0.14/turn              (no ring)
MPRegen  0.10/turn              (no ring)
                                (no ring)
                                (no ring)

@: no status effects
A: almost no armour, amphibious, 8 rings, camouflage 1, gelatinous body 1,
(nimble swimmer 1), tentacles
a: no special abilities


You were on level 4 of the Dungeon.
You visited 1 branch of the dungeon, and saw 4 of its levels.

You collected 138 gold pieces.

Inventory:

Hand Weapons
 a - a +2 dagger (weapon)
Missiles
 b - 30 poisoned darts (quivered)
 h - a throwing net
Jewellery
 l - a ring of ice
Wands
 d - a wand of mindburst (19)
 m - a wand of charming (6)
 q - a wand of flame (4)
Scrolls
 e - a scroll of immolation
 f - a scroll of fog
 g - a scroll of amnesia {unknown}
 i - a scroll of silence {unknown}
 k - a scroll of enchant armour {unknown}
 o - 2 scrolls of summoning {unknown}
 p - a scroll of fear {unknown}
 r - 3 scrolls of teleportation {unknown}
Potions
 j - 3 potions of curing
 n - 2 potions of might {unknown}


   Skills:
 + Level 3.7 Fighting
 + Level 3.8 Short Blades
 - Level 2.0 Throwing
 + Level 3.3 Dodging
 + Level 7.1 Stealth


You had 5 spell levels left.
You didn't know any spells.
Your spell library contained the following spells:

 Spells                   Type           Power      Damage    Failure   Level
 Beastly Appendage        Tmut           0%         N/A       26%         1
 Corona                   Hex            0%         N/A       26%         1
 Ensorcelled Hibernation  Hex/Ice        0%         N/A       38%         2
 Wereblood                Tmut           0%         N/A       38%         2
 Spider Form              Tmut/Pois      0%         N/A       63%         3
 Tukima's Dance           Hex            0%         N/A       63%         3


Dungeon Overview and Level Annotations

Branches:
Dungeon (4/15)
 Temple: D:4-7

Altars:
Gozag


Innate Abilities, Weirdness & Mutations

You cannot wear most types of armour.
You are amphibious.
You can wear up to eight rings at the same time.
Your skin changes colour to match your surroundings (Stealth+).
Your rubbery body absorbs attacks. (AC +1, EV +1)
((You are camouflaged near water. (Stealth+)))
You have tentacles for arms and can constrict up to eight enemies at once.


Message History

No target in view!
No target in view!
No target in view!
No target in view!
No target in view!
No target in view!
No target in view!
No target in view!
No target in view!
No target in view!
No target in view!
No target in view!
No target in view!
No target in view!
No target in view!
No target in view!
The ogre shouts!
The ogre hits you with a +0 giant club!!
Unknown command.
Throw: 2 darts (curare)
Press: ? - help, Q - select action, (/) - cycle Shift-Dir - straight line, f - ogre
Aim: an ogre, wielding a +0 giant club (75% to hit)
You throw a curare-tipped dart.
The curare-tipped dart barely misses the ogre.
Found a ring mail.
The ogre hits you with a +0 giant club!
Throw: dart (curare)
Press: ? - help, Q - select action, (/) - cycle Shift-Dir - straight line, f/p - ogre
Aim: an ogre, wielding a +0 giant club (75% to hit)
You throw a curare-tipped dart. The curare-tipped dart hits the ogre.
The ogre is poisoned.
The ogre convulses.
The ogre seems to slow down.
The ogre is lightly wounded.
A hobgoblin comes into view.
The orc priest shouts!
The ogre is no longer moving slowly.
The orc shouts! x2
You hit the ogre.
The ogre is moderately wounded.
The ogre hits you with a +0 giant club!!
You die...

#.. ... #... .## ## #....
.. ... ....## ## #..
#######.#.#.# #...
..........#.# #
#...o##.......# #
#o...........g. ##.#.
#...###@####.. ##... #...
#O# #.# ##.. #... #.# #.#
##.. ### #... #.# #.#
##.#.....#[.. #.# #.#
##.#..##.#...###.# #.#.#
##.#..##.# #....# #.#.#
...#..##.####.#######†#.#
...)..........#.....#.#.#


You could see an ogre (poisoned), an orc priest, an orc and a hobgoblin
(asleep).

Vanquished Creatures
  An ogre (D:3)
  A necrophage (D:4)
  Natasha (thrice) (D:3)
  An orc wizard (D:3)
  A gnoll (D:1)
  2 adders (D:2)
  A worm (D:2)
  3 orcs (D:3)
  4 bats
  2 endoplasms
  6 giant cockroaches
  6 goblins
  14 hobgoblins
  3 jackals (D:2)
  3 quokkas
  5 ball pythons
  3 frilled lizards
  9 kobolds
  4 rats
72 creatures vanquished.

Vanquished Creatures (others)
  30 plants (D:3)
30 creatures vanquished.

Grand Total: 102 creatures vanquished

Notes
Turn   | Place    | Note
-------+----------+-------------------------------------------
     0 | D:1      | ZARRMARR the Octopode Brigand began the quest for the Orb.
     0 | D:1      | Reached XP level 1. HP: 14/14 MP: 1/1
   148 | D:1      | Reached XP level 2. HP: 19/19 MP: 2/2
   244 | D:1      | Reached XP level 3. HP: 23/25 MP: 3/3
   879 | D:2      | Reached skill level 6 in Stealth
   879 | D:2      | Reached XP level 4. HP: 17/30 MP: 4/4
  1592 | D:3      | Noticed Natasha
  1604 | D:3      | Killed Natasha
  1691 | D:3      | Noticed Natasha
  1703 | D:3      | Killed Natasha
  1704 | D:3      | Reached XP level 5. HP: 23/36 MP: 5/5
  2060 | D:3      | Noticed Natasha
  2077 | D:3      | Killed Natasha
  2363 | D:3      | Noticed an ogre
  2366 | D:3      | Killed an ogre
  2367 | D:3      | Reached XP level 6. HP: 42/42 MP: 6/6
  2481 | D:3      | Found an opulent altar of Gozag.
  3040 | D:4      | Noticed a necrophage
  3047 | D:4      | Killed a necrophage
  3048 | D:4      | Reached skill level 7 in Stealth
  3282 | D:4      | Slain by an ogre

Illustrated notes

Levels and vault maps discovered:
D:1:      grunt_arrival_crossed_arrows, layout_loops_ring, minmay_pentomino_v4
D:2:      layout_loops_ring, minmay_small_reverse_x
D:3:      layout_loops_ring, lemuel_crystal_altar, serial_bayou_lagoon_a,
          minmay_fountain_box, chequers_serial_rivers_micro_e, uniq_natasha
D:4:      layout_basic, goddamned_bats

Skill      XL: |  1  2  3  4  5  6 |
---------------+-------------------+-----
Dodging        | 2 3 |  3.3
Stealth        | 6 7 |  7.1
Short Blades   | 3 |  3.8
Fighting       | 3 |  3.7
Throwing       | |  2.0

Action                   |  1- 3 |  4- 6 || total
-------------------------+-------+-------++-------
Melee: Dagger            |    58 |    78 ||   136
       Constrict         |    13 |    14 ||    27
       Tentacles         |     8 |    16 ||    24
Throw: Dart              |     7 |     2 ||     9
Evoke: Wand              |       |     5 ||     5
  Use: Scroll            |     1 |     1 ||     2
 Stab: Sleeping          |    14 |    16 ||    30
       Distracted        |       |     1 ||     1
Armor: Skin              |     4 |       ||     4
Dodge: Dodged            |    32 |    33 ||    65
